Map: Deathaura LE

Players

sOs - Winner!

  • Race: Protoss Protoss
  • Spawn Location: 5:00

Probe

  • Race: Protoss Protoss
  • Spawn Location: 11:00

Event: IEM Katowice 2021

VOD

Have the link to the VOD?

Description

Time

  • Played on: Feb. 20, 2021, 8:32 a.m.
  • Length: 9:59

All games in this series

Show
View Real Time Build Order
Export as new Build Order

sOs Protoss - Winner!

Build Orders: Oracle Opening, Phoenix Opening, Archon Immortal 

Get SALT Encoding   

  12  0:00  Probe  
  13  0:12  Probe  
  14  0:17  Pylon  
  14  0:24  Probe (Chrono Boost)  
  16  0:36  Probe (Chrono Boost)  
  16  0:38  Gateway  
  16  0:43  Probe (Chrono Boost)  
  16  0:46  Assimilator  
  17  0:51  Probe  
  18  0:59  Assimilator  
  18  1:03  Probe (Chrono Boost)  
  19  1:10  Pylon  
  19  1:13  Probe (Chrono Boost)  
  19  1:18  Probe (Chrono Boost)  
  21  1:25  Cybernetics Core  
  21  1:29  Probe  
  21  1:31  Pylon  
  22  1:41  Probe  
  23  1:53  Probe  
  24  2:01  Stalker  
  24  2:02  Warp Gate  
  26  2:10  Stargate  
  26  2:14  Pylon  
  26  2:26  Pylon  
  26  2:34  Stalker  
  28  2:40  Nexus  
  28  2:46  Shield Battery  
  28  2:53  Oracle (Chrono Boost)  
  31  2:59  Probe  
  32  3:14  Probe  
  33  3:21  Phoenix (Chrono Boost)  
  33  3:26  Pylon, Probe  
  36  3:38  Probe, Phoenix  
  39  3:50  Probe  
  40  4:03  Phoenix (Chrono Boost)  
  40  4:09  Probe (Chrono Boost)  
  44  4:12  Robotics Facility  
  44  4:14  Probe (Chrono Boost)  
  44  4:16  Assimilator  
  44  4:18  Assimilator  
  44  4:20  Probe (Chrono Boost)  
  44  4:24  Probe (Chrono Boost)  
  46  4:25  Probe (Chrono Boost), Phoenix (Chrono Boost)  
  49  4:33  Probe  
  49  4:37  Probe  
  51  4:45  Probe  
  51  4:49  Probe  
  53  4:54  Gateway  
  53  4:55  Forge  
  53  4:58  Probe  
  53  4:59  Pylon, Sentry  
  56  5:01  Probe  
  56  5:05  Immortal (Chrono Boost)  
  61  5:10  Probe  
  62  5:17  Probe  
  63  5:22  Probe  
  63  5:26  Gateway  
  63  5:28  Protoss Ground Weapons Level 1 (Chrono Boost), Twilight Council  
  64  5:30  Probe  
  64  5:34  Pylon, Probe  
  66  5:41  Immortal (Chrono Boost)  
  70  5:55  Sentry  
  72  5:58  Nexus  
  72  6:02  Probe x2  
  74  6:10  Pylon  
  74  6:13  Charge  
  74  6:18  Immortal (Chrono Boost)  
  74  6:22  Pylon  
  78  6:28  Shield Battery, Probe (Chrono Boost)  
  78  6:30  Probe (Chrono Boost)  
  78  6:32  Templar Archives  
  81  6:40  Probe (Chrono Boost)  
  81  6:42  Zealot x2  
  81  6:45  Probe (Chrono Boost)  
  81  6:46  Zealot, Probe (Chrono Boost)  
  88  6:50  Observer  
  88  6:53  Pylon  
  90  6:54  Gateway  
  90  6:55  Probe  
  91  7:09  Immortal (Chrono Boost), Probe x2  
  91  7:10  Zealot, High Templar x2  
  103  7:16  Pylon  
  103  7:17  Archon  
  103  7:25  Probe x3  
  103  7:28  Protoss Ground Weapons Level 2 (Chrono Boost)  
  106  7:34  Gateway  
  106  7:36  Gateway  
  106  7:37  Shield Battery  
  106  7:45  Probe x3  
  106  7:47  Warp Prism  
  111  7:52  Gateway  
  111  7:55  High Templar x2  
  111  7:56  Zealot  
  111  7:57  Gateway  
  117  7:59  Gateway  
  117  8:01  Archon  
  117  8:02  Zealot  
  119  8:10  Pylon, Assimilator  
  119  8:11  Assimilator, Probe x2  
  119  8:12  Probe  
  122  8:22  Pylon  
  122  8:25  Pylon  
  122  8:31  High Templar x3  
  128  8:34  Pylon  
  128  8:36  Zealot, High Templar  
  128  8:39  Pylon  
  128  8:40  Archon  
  131  8:42  Pylon, Photon Cannon  
  131  8:43  Archon  
  131  8:49  Zealot x2  
  131  8:53  Pylon  
  121  9:06  Zealot x5  
  121  9:07  Zealot  
  123  9:13  Zealot x3  
Show
View Real Time Build Order
Export as new Build Order

Probe Protoss 

Build Orders: Oracle Opening 

Get SALT Encoding   

  12  0:00  Probe  
  13  0:12  Probe  
  14  0:17  Pylon  
  14  0:25  Probe (Chrono Boost)  
  15  0:37  Probe (Chrono Boost)  
  15  0:38  Gateway  
  16  0:43  Probe (Chrono Boost)  
  16  0:45  Assimilator  
  17  0:51  Probe  
  17  0:54  Assimilator  
  18  1:03  Probe (Chrono Boost)  
  19  1:07  Gateway  
  19  1:13  Probe (Chrono Boost)  
  19  1:18  Probe (Chrono Boost)  
  21  1:26  Cybernetics Core  
  21  1:29  Probe  
  22  1:32  Pylon  
  22  1:41  Probe  
  23  1:53  Probe  
  24  2:02  Stalker x2  
  24  2:03  Warp Gate  
  28  2:09  Pylon  
  28  2:12  Probe  
  29  2:22  Stargate  
  29  2:24  Probe  
  30  2:45  Nexus  
  30  2:48  Probe  
  31  3:00  Probe  
  31  3:04  Oracle (Chrono Boost)  
  36  3:12  Probe  
  36  3:13  Pylon  
  36  3:23  Shield Battery  
  36  3:24  Probe  
  37  3:30  Twilight Council  
  37  3:37  Probe (Chrono Boost)  
  38  3:43  Forge  
  38  3:46  Probe (Chrono Boost)  
  39  3:51  Probe (Chrono Boost)  
  37  3:59  Probe  
  35  4:03  Probe  
  35  4:11  Probe  
  37  4:17  Stalker, Probe (Chrono Boost)  
  37  4:21  Stalker  
  37  4:23  Probe (Chrono Boost)  
  43  4:32  Probe x2 (Chrono Boost)  
  43  4:37  Probe (Chrono Boost)  
  41  4:39  Probe  
  41  4:40  Blink  
  42  4:46  Protoss Ground Weapons Level 1  
  42  4:49  Probe  
  42  4:51  Probe (Chrono Boost)  
  41  4:58  Stalker  
  43  5:01  Probe (Chrono Boost)  
  45  5:09  Pylon, Probe (Chrono Boost)  
  45  5:12  Probe (Chrono Boost)  
  42  5:16  Probe x2 (Chrono Boost)  
  42  5:28  Probe (Chrono Boost)  
  44  5:32  Probe (Chrono Boost)  
  44  5:38  Nexus  
  44  5:39  Probe (Chrono Boost)  
  44  5:42  Stalker, Sentry, Probe (Chrono Boost)  
  49  5:43  Probe (Chrono Boost)  
  50  5:52  Probe  
  50  5:54  Probe  
  52  6:01  Gateway, Phoenix  
  52  6:02  Gateway  
  52  6:05  Probe (Chrono Boost)  
  52  6:06  Probe (Chrono Boost)  
  52  6:11  Stalker x2  
  58  6:18  Probe (Chrono Boost)  
  58  6:22  Probe (Chrono Boost)  
  58  6:24  Robotics Facility  
  58  6:25  Probe (Chrono Boost)  
  59  6:28  Probe (Chrono Boost)  
  59  6:31  Assimilator  
  59  6:32  Pylon, Probe  
  61  6:40  Probe  
  61  6:43  Gateway  
  61  6:44  Gateway  
  62  6:49  Gateway  
  62  6:53  Gateway  
  62  7:00  Sentry x3  
  68  7:06  Charge (Chrono Boost)  
  68  7:09  Warp Prism (Chrono Boost)  
  68  7:14  Pylon  
  70  7:18  Zealot  
  72  7:23  Zealot x3  
  75  7:32  Shield Battery x2  
  73  7:39  Zealot x2, Observer  
  78  7:48  Stalker x2  
  82  7:54  Zealot x2  
  86  8:00  Stalker  
  88  8:07  Stalker  
  90  8:13  Stalker  
  90  8:17  Zealot x2  
  96  8:30  Pylon  
  96  8:35  Zealot x2  
  100  8:49  Pylon  
  100  8:50  Zealot x4  
  89  9:04  Zealot x4  
  70  9:20  Zealot x4  

Tags
 
Add a new tag
Caveats
  • Supply blocks, unpowered buildings, or Contaminate may cause inaccurate times.
  • Supply counts are checked every 10 seconds.